SKY
MEMPHIS BLUES @ PHILADELPHIA PHILLIES
09/08/2052
 
TOP OF THE 1ST
Memphis Blues batting - Pitching for Philadelphia Phillies : RHP Jake Prendergast
Pitching: RHP Jake Prendergast
Batting: RHB Julien Straton 0-0: Called Strike
0-1: Foul Ball, location: 2F
0-2: Ball
1-2: Fly out, F8 (Flyball, 8RXD, EV 91.3 MPH)
Batting: LHB Caleb Oliver 0-0: Ball
1-0: Called Strike
1-1: Ball
2-1: Foul Ball, location: 9LDF
2-2: Strikes out looking
Batting: RHB Yohan Roque 0-0: Called Strike
0-1: Called Strike
0-2: DOUBLE (Flyball, 8LXD, EV 98.8 MPH)
Batting: LHB Torquato Fajardo 0-0: Called Strike
0-1: Ball
1-1: Called Strike
1-2: Ball
2-2: Ball
3-2: Foul Ball, location: 2F
3-2: Foul Ball, location: 5F
3-2: Foul Ball, location: 3SF
3-2: SINGLE (Groundball, 4MD, EV 100.6 MPH)
Yohan Roque to third
Runner from 3rd tries for Home, SAFE, throw by CF to home
Batting: LHB Alex Nicholson 0-0: Called Strike
0-1: Ball
1-1: Foul Ball, location: 3FF
1-2: Ball
2-2: Foul Ball, location: 7LDF
2-2: Ball
3-2: Strikes out swinging
Top of the 1st over - 1 run, 2 hits, 0 errors, 1 left on base; Memphis 1 - Philadelphia 0
BOTTOM OF THE 1ST
Philadelphia Phillies batting - Pitching for Memphis Blues : RHP Leighton Rodriques
Pitching: RHP Leighton Rodriques
Batting: RHB Kyle Negulescu 0-0: Called Strike
0-1: Ball
1-1: Ball
2-1: Foul Ball, location: 9LMF
2-2: TRIPLE (Flyball, 78XD, EV 100.6 MPH)
Batting: LHB Noah Powell 0-0: Ball
1-0: Foul Ball, location: 2F
1-1: Ball
2-1: Fly out, F6 (Popup, 15S, EV 89.4 MPH)
Batting: RHB Marc Simms 0-0: Called Strike
0-1: Swinging Strike
0-2: Ground out 6-3 (Groundball, 56, EV 89.4 MPH)
Kyle Negulescu scores
Batting: RHB Josiah Mandel 0-0: Ball
1-0: Ball
2-0: Ball
3-0: Ground out 4-3 (Groundball, 34, EV 102.5 MPH)
Bottom of the 1st over - 1 run, 1 hit, 0 errors, 0 left on base; Memphis 1 - Philadelphia 1
TOP OF THE 2ND
Memphis Blues batting - Pitching for Philadelphia Phillies : RHP Jake Prendergast
Batting: RHB Miles Hallam 0-0: Ball
1-0: Foul Ball, location: 2F
1-1: Called Strike
1-2: SINGLE (Flyball, 89S, EV 91.3 MPH)
Batting: LHB Max Foster 0-0: Ball
1-0: Foul Ball, location: 7LDF
1-1: Fly out, F6 (Popup, 6D, EV 43.8 MPH)
Batting: RHB Amadeo Ybarra 0-0: Foul Ball, location: 2F
0-1: Called Strike
0-2: Ball
1-2: Ball
2-2: Fielders Choice at 2nd, 4-6 (Groundball, 34, EV 81.3 MPH)
Batting: RHB Josh Benedict 0-0: Called Strike
0-1: Called Strike
Amadeo Ybarra steals 2nd base (no throw)
0-2: Fly out, F7 (Flyball, 7S, EV 83.1 MPH)
Top of the 2nd over - 0 runs, 1 hit, 0 errors, 1 left on base; Memphis 1 - Philadelphia 1
BOTTOM OF THE 2ND
Philadelphia Phillies batting - Pitching for Memphis Blues : RHP Leighton Rodriques
Batting: RHB Liam Lyons 0-0: Ball
1-0: Ball
2-0: Called Strike
2-1: SINGLE (Flyball, 5D, EV 94.4 MPH)
Batting: RHB Marty Booz 0-0: Called Strike
Liam Lyons steals 2nd base (no throw)
0-1: Foul Ball, location: 7LSF
0-2: Fly out, F8 (Flyball, 8LXD, EV 106.9 MPH)
Runner from 2nd tags up, SAFE at 3rd, no throw by CF
Batting: RHB Karter Williams 0-0: Called Strike
0-1: Ball
1-1: Ball
2-1: SINGLE (Line Drive, 8RS, EV 83.8 MPH)
Liam Lyons scores
Batting: RHB Ariel Fernández 0-0: Ball
1-0: Called Strike
Karter Williams steals 2nd base
1-1: Foul Ball, location: 2F
1-2: Ball
2-2: SINGLE (Flyball, 5D, EV 95.0 MPH)
Karter Williams to third
Batting: SHB Elías Saucedo 0-0: Ball
1-0: Ball
2-0: Called Strike
2-1: Ball
3-1: SINGLE (Line Drive, 8LS, EV 94.4 MPH)
Karter Williams scores
Ariel Fernández to second
Batting: RHB Kyle Negulescu 0-0: Called Strike
0-1: Fly out, F8 (Line Drive, 8LS, EV 89.4 MPH)
Batting: LHB Noah Powell 0-0: Swinging Strike
0-1: Ball
1-1: Ball
2-1: Ball
3-1: Foul Ball, location: 3F
3-2: Strikes out swinging
Bottom of the 2nd over - 2 runs, 4 hits, 0 errors, 2 left on base; Memphis 1 - Philadelphia 3
TOP OF THE 3RD
Memphis Blues batting - Pitching for Philadelphia Phillies : RHP Jake Prendergast
Batting: RHB Julien Straton 0-0: Ball
1-0: Ball
2-0: Ball
3-0: Fly out, F9 (Flyball, 89XD, EV 85.0 MPH)
Batting: LHB Caleb Oliver 0-0: Foul Ball, location: 7LSF
0-1: Foul Ball, location: 5FF
0-2: Ball
1-2: Foul Ball, location: 2F
1-2: SINGLE (Line Drive, 78S, EV 91.3 MPH)
Batting: RHB Yohan Roque 0-0: Ball
1-0: Ball
2-0: Grounds into double play, 5-4-3 (Groundball, 5S, EV 81.9 MPH)
Top of the 3rd over - 0 runs, 1 hit, 0 errors, 0 left on base; Memphis 1 - Philadelphia 3
BOTTOM OF THE 3RD
Philadelphia Phillies batting - Pitching for Memphis Blues : RHP Leighton Rodriques
Batting: RHB Marc Simms 0-0: Ball
1-0: Fly out, F7 (Flyball, 7LM, EV 99.4 MPH)
Batting: RHB Josiah Mandel 0-0: Foul Ball, location: 2F
0-1: Ball
1-1: Fly out, F8 (Flyball, 8RD, EV 101.9 MPH)
Batting: RHB Liam Lyons 0-0: Ground out 3-1 (Groundball, 34S, EV 86.3 MPH)
Bottom of the 3rd over - 0 runs, 0 hits, 0 errors, 0 left on base; Memphis 1 - Philadelphia 3
TOP OF THE 4TH
Memphis Blues batting - Pitching for Philadelphia Phillies : RHP Jake Prendergast
Batting: LHB Torquato Fajardo 0-0: Ball
1-0: Called Strike
1-1: Swinging Strike
1-2: Ball
2-2: Hit by Pitch
Batting: LHB Alex Nicholson 0-0: Swinging Strike
0-1: Ball
1-1: Fielders Choice at 2nd, 6-4 (Groundball, 6, EV 102.5 MPH)
Batting: RHB Miles Hallam 0-0: Swinging Strike
0-1: Foul Ball, location: 9LMF
0-2: Ball
1-2: Strikes out swinging
Batting: LHB Max Foster 0-0: Ground out 4-3 (Groundball, 4D, EV 105.0 MPH)
Top of the 4th over - 0 runs, 0 hits, 0 errors, 1 left on base; Memphis 1 - Philadelphia 3
BOTTOM OF THE 4TH
Philadelphia Phillies batting - Pitching for Memphis Blues : RHP Leighton Rodriques
Batting: RHB Marty Booz 0-0: Called Strike
0-1: Ball
1-1: Swinging Strike
1-2: Foul Ball, location: 5FF
1-2: Strikes out looking
Batting: RHB Karter Williams 0-0: Ball
1-0: Ball
2-0: Foul Ball, location: 3DF
2-1: Foul Ball, location: 3SF
2-2: DOUBLE (Flyball, 78D, EV 101.3 MPH)
Batting: RHB Ariel Fernández 0-0: Ball
Wild Pitch!
Karter Williams to third
1-0: Ground out 5-3 (Groundball, 5, EV 106.9 MPH)
Batting: SHB Elías Saucedo 0-0: Ball
1-0: Ball
2-0: Called Strike
2-1: Foul Ball, location: 2F
2-2: Strikes out looking
Bottom of the 4th over - 0 runs, 1 hit, 0 errors, 1 left on base; Memphis 1 - Philadelphia 3
TOP OF THE 5TH
Memphis Blues batting - Pitching for Philadelphia Phillies : RHP Jake Prendergast
Batting: RHB Amadeo Ybarra 0-0: Called Strike
0-1: Ball
1-1: Foul Ball, location: 3F
1-2: Hit by Pitch
Batting: RHB Josh Benedict 0-0: Ball
1-0: Sac Bunt to 13 - play at first, batter OUT! 1-3
Amadeo Ybarra to second
Batting: RHB Julien Straton 0-0: Ground out U3 (Groundball, 13, EV 82.5 MPH)
Amadeo Ybarra to third
Batting: LHB Caleb Oliver 0-0: Ball
1-0: Ball
2-0: Ball
3-0: Called Strike
3-1: Base on Balls
Batting: RHB Yohan Roque 0-0: Called Strike
0-1: Swinging Strike
0-2: Foul Ball, location: 9LDF
0-2: Ball
1-2: Fielders Choice at 2nd, 6-4 (Groundball, 6, EV 82.5 MPH)
Top of the 5th over - 0 runs, 0 hits, 0 errors, 2 left on base; Memphis 1 - Philadelphia 3
BOTTOM OF THE 5TH
Philadelphia Phillies batting - Pitching for Memphis Blues : RHP Leighton Rodriques
Batting: RHB Kyle Negulescu 0-0: Called Strike
0-1: SINGLE (Line Drive, 8RS, EV 93.1 MPH)
Batting: LHB Noah Powell 0-0: Ball
Kyle Negulescu steals 2nd base
1-0: Ball
2-0: Reached via error on a dropped throw from 2B, E3 (Groundball, 4S, EV 74.4 MPH)
Kyle Negulescu to third
Batting: RHB Marc Simms 0-0: Fielders Choice attempt at home, Runner SAFE. 6-2 (Groundball, 6, EV 81.9 MPH)
Noah Powell to second
Batting: RHB Josiah Mandel 0-0: Called Strike
0-1: Ball
1-1: Called Strike
1-2: Foul Ball, location: 2F
1-2: SINGLE (Flyball, 8RS, EV 95.6 MPH)
Noah Powell to third
Marc Simms to second
Batting: RHB Liam Lyons 0-0: Ball
1-0: Called Strike
1-1: Ball
2-1: Grounds into fielders choice 5-2 (Groundball, 56S, EV 83.1 MPH)
Marc Simms to third
Josiah Mandel to second
Batting: RHB Marty Booz 0-0: Ball
1-0: Called Strike
1-1: Foul Ball, location: 2F
1-2: Ball
2-2: Foul Ball, location: 2F
2-2: Fly out, F7 (Flyball, 78S, EV 88.8 MPH)
Batting: RHB Karter Williams 0-0: SINGLE (Line Drive, 9S, EV 104.4 MPH)
Marc Simms scores
Josiah Mandel to third
Liam Lyons to second
Runner from 3rd tries for Home, SAFE, throw by RF to home
Pitching: RHP Da'Shawn Evans
Batting: RHB Ariel Fernández 0-0: Swinging Strike
0-1: Foul Ball, location: 2F
0-2: Ball
1-2: Foul Ball, location: 2F
1-2: Ball
2-2: Ball
3-2: Foul Ball, location: 9LDF
3-2: Foul Ball, location: 3FF
3-2: Base on Balls
Liam Lyons to third
Karter Williams to second
Batting: SHB Elías Saucedo 0-0: Foul Ball, location: 7LSF
0-1: Ground out 4-3 (Groundball, 34, EV 108.1 MPH)
Bottom of the 5th over - 3 runs, 3 hits, 1 error, 3 left on base; Memphis 1 - Philadelphia 6
TOP OF THE 6TH
Memphis Blues batting - Pitching for Philadelphia Phillies : RHP Jake Prendergast
Batting: LHB Torquato Fajardo 0-0: Called Strike
0-1: Foul Ball, location: 23F
0-2: Foul Ball, location: 2F
0-2: Foul Ball, location: 2F
0-2: Foul Ball, location: 7LSF
0-2: Foul Ball, location: 7LSF
0-2: Ball
1-2: Strikes out swinging, 2-3 out at first.
Batting: LHB Alex Nicholson 0-0: Ball
1-0: Foul Ball, location: 2F
1-1: Called Strike
1-2: SINGLE (Line Drive, 34D, EV 100.0 MPH)
Batting: RHB Miles Hallam 0-0: Called Strike
Alex Nicholson is caught stealing 2nd base 2-4
0-1: Swinging Strike
0-2: Ball
1-2: Foul Ball, location: 25F
1-2: Ball
2-2: Ball
3-2: Foul Ball, location: 9LSF
3-2: Ground out 6-3 (Groundball, 6, EV 110.6 MPH)
Top of the 6th over - 0 runs, 1 hit, 0 errors, 0 left on base; Memphis 1 - Philadelphia 6
BOTTOM OF THE 6TH
Philadelphia Phillies batting - Pitching for Memphis Blues : RHP Da'Shawn Evans
Batting: RHB Kyle Negulescu 0-0: Fly out, F9 (Flyball, 9D, EV 95.0 MPH)
Batting: LHB Noah Powell 0-0: Called Strike
0-1: SINGLE (Line Drive, 5D, EV 101.3 MPH)
Batting: RHB Marc Simms 0-0: Swinging Strike
0-1: Ball
1-1: Called Strike
Noah Powell is caught stealing 2nd base 2-4
1-2: Ball
2-2: Strikes out swinging
Bottom of the 6th over - 0 runs, 1 hit, 0 errors, 0 left on base; Memphis 1 - Philadelphia 6
TOP OF THE 7TH
Memphis Blues batting - Pitching for Philadelphia Phillies : RHP Jake Prendergast
Pitching: RHP Grant Thomas
Batting: LHB Max Foster 0-0: Ball
1-0: Called Strike
1-1: Called Strike
1-2: Ball
2-2: Ball
3-2: Foul Ball, location: 7LMF
3-2: Strikes out swinging
Batting: RHB Amadeo Ybarra 0-0: Swinging Strike
0-1: Ball
1-1: Fly out, F8 (Flyball, 8RM, EV 85.0 MPH)
Batting: RHB Josh Benedict 0-0: Ball
1-0: Foul Ball, location: 3SF
1-1: Swinging Strike
1-2: Foul Ball, location: 5FF
1-2: SINGLE (Line Drive, 4M, EV 95.0 MPH)
Batting: RHB Julien Straton 0-0: Ball
1-0: Ball
2-0: DOUBLE (Flyball, 8RXD, EV 83.8 MPH)
Josh Benedict to third
Runner from 3rd tries for Home, SAFE, no throw by CF
Batting: LHB Caleb Oliver 0-0: Called Strike
0-1: Ball
1-1: Swinging Strike
1-2: Ground out 4-3 (Groundball, 34, EV 85.0 MPH)
Top of the 7th over - 1 run, 2 hits, 0 errors, 1 left on base; Memphis 2 - Philadelphia 6
BOTTOM OF THE 7TH
Philadelphia Phillies batting - Pitching for Memphis Blues : RHP Da'Shawn Evans
Batting: RHB Josiah Mandel 0-0: Ball
1-0: Ball
2-0: Ball
3-0: Foul Ball, location: 9LDF
3-1: Called Strike
3-2: Fly out, F7 (Flyball, 78M, EV 76.9 MPH)
Batting: RHB Liam Lyons 0-0: Called Strike
0-1: Called Strike
0-2: Foul Ball, location: 2F
0-2: Foul Ball, location: 9LSF
0-2: Ball
1-2: Foul Ball, location: 25F
1-2: Ball
2-2: Ground out 5-3 (Groundball, 56S, EV 70.6 MPH)
Batting: RHB Marty Booz 0-0: Ball
1-0: Ball
2-0: Ball
3-0: Called Strike
3-1: Ground out 4-3 (Groundball, 4, EV 86.3 MPH)
Bottom of the 7th over - 0 runs, 0 hits, 0 errors, 0 left on base; Memphis 2 - Philadelphia 6
TOP OF THE 8TH
Memphis Blues batting - Pitching for Philadelphia Phillies : RHP Grant Thomas
Batting: RHB Yohan Roque 0-0: Ball
1-0: Ball
2-0: Ground out 4-3 (Groundball, 4MS, EV 90.0 MPH)
Batting: LHB Torquato Fajardo 0-0: Called Strike
0-1: Called Strike
0-2: SINGLE (Groundball, 34D, EV 101.9 MPH)
Batting: LHB Alex Nicholson 0-0: Ball
1-0: Called Strike
1-1: Called Strike
1-2: Grounds into double play, 5-4-3 (Groundball, 56, EV 81.3 MPH)
Top of the 8th over - 0 runs, 1 hit, 0 errors, 0 left on base; Memphis 2 - Philadelphia 6
BOTTOM OF THE 8TH
Philadelphia Phillies batting - Pitching for Memphis Blues : RHP Da'Shawn Evans
Batting: RHB Karter Williams 0-0: Called Strike
0-1: Ball
1-1: Swinging Strike
1-2: Ball
2-2: Foul Ball, location: 3F
2-2: Strikes out swinging
Batting: RHB Ariel Fernández 0-0: Ball
1-0: Ball
2-0: Called Strike
2-1: Fly out, F8 (Flyball, 78S, EV 86.9 MPH)
Batting: SHB Elías Saucedo 0-0: Ball
1-0: Foul Ball, location: 7LDF
1-1: SINGLE (Flyball, 9S, EV 93.1 MPH)
Batting: RHB Kyle Negulescu 0-0: Ball
Elías Saucedo steals 2nd base
1-0: Foul Ball, location: 7LMFF
1-1: Ball
2-1: Ground out 5-3 (Groundball, 5S, EV 62.5 MPH)
Bottom of the 8th over - 0 runs, 1 hit, 0 errors, 1 left on base; Memphis 2 - Philadelphia 6
TOP OF THE 9TH
Memphis Blues batting - Pitching for Philadelphia Phillies : RHP Grant Thomas
Batting: RHB Miles Hallam 0-0: Ball
1-0: Ball
2-0: Called Strike
2-1: SINGLE (Groundball, 6D, EV 98.8 MPH)
Batting: LHB Max Foster 0-0: Ball
1-0: Ball
2-0: Fielders Choice at 2nd, 5-4 (Groundball, 5S, EV 91.3 MPH)
Batting: RHB Amadeo Ybarra 0-0: Fly out, F8 (Flyball, 8RD, EV 91.3 MPH)
Batting: RHB Josh Benedict 0-0: Ball
1-0: Swinging Strike
1-1: DOUBLE (Flyball, 78D, EV 83.1 MPH)
Max Foster to third
Pitching: RHP Rodrigo Rodríguez
Batting: RHB Julien Straton 0-0: Called Strike
0-1: Ball
1-1: Ball
2-1: DOUBLE (Flyball, 89D, EV 106.9 MPH)
Max Foster scores
Josh Benedict scores
Batting: LHB Caleb Oliver 0-0: Ball
1-0: Called Strike
1-1: Foul Ball, location: 3F
1-2: Foul Ball, location: 9LDF
1-2: Ball
2-2: Ball
3-2: Strikes out looking
Top of the 9th over - 2 runs, 3 hits, 0 errors, 1 left on base; Memphis 4 - Philadelphia 6
Monday, May 6th , 2024 - OOTP Baseball 24.11 Build 85